 Dungeon Crawl Stone Soup version 0.29-a0-2-g12fcac58f8 (webtiles) character file.

Game seed: 13788720546213303655

112 HallandMoats the Skirmisher (level 4, 0/1 (40) HPs)
             Began as a Ghoul Monk on Jan 27, 2022.
             Slain by a frilled lizard (1 damage)
             ... in a sewer.
             The game lasted 00:02:21 (1635 turns).

HallandMoats the Skirmisher (Ghoul Monk)            Turns: 1635, Time: 00:02:22

HP:   0/1 (40)      AC:  8    Str: 15 (16) XL:     4   Next: 95%
MP:   4/4           EV:  7    Int:  2 (5)  God:
Gold: 145           SH:  0    Dex: 10 (11) Spells: 3/3 levels left

rFire   . . .      SeeInvis .     - Unarmed
rCold   + . .      Faith    .   (no shield)
rNeg    + + +      Spirit   .   d - +0 chain mail
rPois   ∞          Reflect  .   (no helmet)
rElec   .          Harm     .   (no cloak)
rCorr   .          Rampage  .   (no gloves)
Will    .....                   (no boots)
Stlth   ..........              (no amulet)
HPRegen 0.00/turn               (no ring)
MPRegen 0.09/turn               (no ring)

@: flying, inhibited regen, extremely drained
A: claws 1, cold resistance 1, negative energy resistance 3, inhibited
regeneration, torment resistance 2
a: no special abilities


You were in a sewer.
You visited 1 branch of the dungeon, and saw 4 of its levels.
You also visited: Sewer.

You collected 145 gold pieces.

Inventory:

Armour
 d - a +0 chain mail (worn)
 g - a +0 buckler
Scrolls
 b - 3 scrolls of teleportation {unknown}
 c - 2 scrolls of identify {unknown}
 e - a scroll of magic mapping {unknown}
 f - a scroll of vulnerability {unknown}


   Skills:
 * Level 4.2 Fighting
 + Level 1.1 Armour
 + Level 3.0 Dodging
 - Level 2.1 Stealth
 * Level 4.1 Unarmed Combat
 * Level 2.1 Invocations


You had 3 spell levels left.
You didn't know any spells.
Your spell library was empty.

Dungeon Overview and Level Annotations

Branches:
Dungeon (4/15)              Sewer (1/1)
 Temple: D:4-7

Altars:
Xom

Annotations:
Sewer Pargi


Innate Abilities, Weirdness & Mutations

You thrive by killing the living.
You are immune to poison.
You have sharp fingernails.
Your flesh is cold resistant. (rC+)
You are immune to negative energy. (rN+++)
You do not regenerate when monsters are visible.
You are immune to unholy pain and torment.


Message History

You miss the frilled lizard.
The frilled lizard bites you but does no damage.
You barely miss the frilled lizard.
You fall into the water!
You can't survive in this terrain!
You fly above the water, but the process is draining.
You feel drained.
The frilled lizard unfolds its giant frill.
The frilled lizard barely misses you.
You closely miss the frilled lizard.
You feel drained. The frilled lizard closely misses you.
You miss the frilled lizard.
You feel drained.
You closely miss the frilled lizard.
You feel drained. The frilled lizard barely misses you.
You barely miss the frilled lizard.
You feel drained.
The frilled lizard bites you but does no damage.
You closely miss the frilled lizard.
You feel drained.
The frilled lizard completely misses you.
You claw the frilled lizard!
You kill the frilled lizard!
You feel better.
You feel drained.
You feel drained.
You feel drained.
You feel drained.
You feel drained.
You feel drained.
You feel drained.
You feel drained.
You feel drained.
You feel drained.
You feel drained.
You feel drained.
You feel drained.
A frilled lizard comes into view.
The frilled lizard hisses angrily.
You feel drained.
You feel drained.
You feel drained.
You feel drained. The frilled lizard bites you.
Ouch! That really hurt!
You die...

### ##≈### #
##≈≈≈≈###≈≈≈
###≈≈≈≈≈≈≈≈≈≈≈
#≈≈≈≈≈@l≈≈≈≈≈≈
##≈≈≈≈≈≈≈≈≈≈≈≈≈
##≈≈≈≈≈≈≈≈≈≈≈≈≈≈
##≈≈≈≈≈≈≈≈≈≈≈≈≈≈≈
##≈≈≈≈≈≈≈≈≈≈≈≈≈≈≈≈
##≈≈≈≈≈≈≈≈≈≈≈≈≈≈≈≈≈
#≈≈≈≈≈≈≈≈≈T≈≈.≈≈≈..
##≈≈≈≈≈≈≈≈.##.#≈#.##
##≈≈≈≈≈≈≈≈≈## ##≈#


You could see Pargi and a frilled lizard.

Vanquished Creatures
  Natasha (D:4)
  4 adders (D:2)
  A worm (D:3)
  A dart slug (D:3)
  6 bats
  3 endoplasms
  5 giant cockroaches
  3 goblins
  2 hobgoblins
  A quokka (D:1)
  8 ball pythons
  2 frilled lizards
  2 kobolds
  7 rats
46 creatures vanquished.

Notes
Turn   | Place    | Note
-------+----------+-------------------------------------------
     0 | D:1      | HallandMoats the Ghoul Monk began the quest for the Orb.
     0 | D:1      | Reached XP level 1. HP: 19/19 MP: 0/0
   169 | D:1      | Reached XP level 2. HP: 26/26 MP: 1/1
   645 | D:2      | Reached skill level 1 in Invocations
   733 | D:2      | Reached XP level 3. HP: 33/33 MP: 2/2
   745 | D:2      | Found a shimmering altar of Xom.
  1061 | D:2      | Reached XP level 4. HP: 36/40 MP: 4/4
  1107 | D:2      | You fall into a shaft and drop 2 floors!
  1107 | D:4      | Noticed Natasha
  1119 | D:4      | Killed Natasha
  1120 | D:4      | Reached skill level 1 in Armour
  1489 | D:3      | Found a glowing drain.
  1560 | Sewer    | Entered a sewer
  1578 | Sewer    | Noticed Pargi
  1635 | Sewer    | Slain by a frilled lizard

Illustrated notes

Levels and vault maps discovered:
D:1:      dpeg_arrival_shrine, layout_basic, minmay_hexomino_f4
D:2:      layout_basic, basic_altar, minmay_statues_item
D:3:      layout_rooms, portal_sewer_entry_a,
          hellmonk_ecumenical_altar_crossroads, grunt_ministairs_6,
          roderic_lattice_a
D:4:      layout_loops_corners, minmay_temple_entry_poolview, uniq_eustachio,
          uniq_natasha
Sewer:    sewer_co_pargi_island

Skill      XL: |  1  2  3  4 |
---------------+-------------+-----
Invocations    | 1 2 |  2.1
Fighting       | 4 |  4.2
Unarmed Combat | 4 |  4.1
Armour         | 1 |  1.1
Dodging        | 3 |  3.0
Stealth        | |  2.1

Action                   |  1- 3 |  4- 6 || total
-------------------------+-------+-------++-------
Melee: Unarmed           |    93 |    77 ||   170
       Punch             |     2 |       ||     2
  Use: Potion            |       |     2 ||     2
 Stab: Sleeping          |     3 |       ||     3
       Distracted        |     1 |       ||     1
Armor: Robe              |    10 |       ||    10
       Chain mail        |    36 |    73 ||   109
Dodge: Dodged            |    47 |    42 ||    89

Table legend: (Time is in decaauts)
 A = Elapsed time spent in this place.
 B = Non-inter-level travel time spent in this place.
 C = Inter-level travel time spent in this place.
 D = Time resting spent in this place.
 E = Time spent auto-exploring this place.
 F = Levels seen in this place.
 G = Mean time per level.
                   A        B        C        D        E       F      G
               +--------+--------+--------+--------+--------+-----+--------+
         Total |   1638 |   1620 |     18 |    229 |    960 |   5 |  327.6 |
       Dungeon |   1559 |   1541 |     18 |    229 |    938 |   4 |  389.8 |
         Sewer |     79 |     79 |      0 |      0 |     21 |   1 |   79.0 |
               +--------+--------+--------+--------+--------+-----+--------+

Top non-repeatable levels by time:
     D:1: 633 daAuts
     D:2: 470 daAuts
     D:4: 271 daAuts
     D:3: 184 daAuts
   Sewer: 79 daAuts
